 Dungeon Crawl Stone Soup version 0.31-a0-1001-g770356a28f (webtiles) character file.

Game seed: 14445745589867515502

1854 Fanghorn the Thaumaturge (level 8, -4/53 HPs)
             Began as a Mummy Necromancer on Nov 8, 2023.
             Was a Priest of Wu Jian.
             Slain by a wolf (10 damage)
             ... led by Grum
             ... on level 9 of the Dungeon.
             The game lasted 00:39:45 (4638 turns).

Fanghorn the Thaumaturge (Mummy Necromancer)        Turns: 4638, Time: 00:39:45

Health: -4/53      AC:  5    Str: 11    XL:     8   Next: 89%
Magic:  6/22       EV: 11    Int: 22    God:    Wu Jian [***...]
Gold:   280        SH:  0    Dex: 13    Spells: 14/27 levels left

rFire   x . .        (no weapon)
rCold   + . .        (no shield)
rNeg    + + +        o - +0 leather armour
rPois   ∞            (no helmet)
rElec   .            y - +0 cloak
rCorr   .            B - +0 pair of gloves
SInv    +            (no boots)
Will    +....        (no amulet)
Stlth   ++           i - ring of see invisible
HPRegen 0.28/turn    t - +6 ring of intelligence
MPRegen 0.18/turn

%: faith
@: animating dead
A: cold resistance 1, negative energy resistance 3, torment resistance 2, heat
vulnerability 1, in touch with death 1, no potions, faith
a: Renounce Religion, Wall Jump, Serpent's Lash


You were on level 9 of the Dungeon.
You worshipped Wu Jian.
Wu Jian was most pleased with you.
You visited 1 branch of the dungeon, and saw 7 of its levels.

You collected 280 gold pieces.

Inventory:

Hand Weapons
 a - a +1 flail of draining
 k - a +0 spear
 l - a +0 spear
 m - a +2 vampiric whip
 p - a +0 spear
 D - a +0 whip of electrocution
Missiles
 f - 5 poisoned darts
 n - 7 javelins
 r - 2 boomerangs
Armour
 c - a +0 ring mail
 h - a +0 scale mail
 j - a +2 robe of fire resistance
 o - a +0 leather armour (worn)
 w - a +0 leather armour
 y - a +0 cloak (worn)
 B - a +0 pair of gloves (worn)
Magical Staves
 s - a staff of fire
Jewellery
 e - a ring of flight
 i - a ring of see invisible (left hand)
 t - a +6 ring of intelligence (right hand)
Wands
 u - a wand of mindburst (9)
 E - a wand of acid (5)
Scrolls
 b - a scroll of amnesia {unknown}
 d - a scroll of teleportation {unknown}
 g - 2 scrolls of enchant armour {unknown}
 q - 7 scrolls of identify {unknown}
 v - a scroll of acquirement {unknown}
 x - 3 scrolls of vulnerability {unknown}
 z - a scroll of torment {unknown}
 A - 2 scrolls of enchant weapon {unknown}
 C - a scroll of immolation {unknown}


   Skills:
 + Level 0.4 Fighting
 + Level 1.0 Maces & Flails
 + Level 1.3 Armour
 + Level 2.1 Dodging
 + Level 2.0 Stealth
 + Level 0.1 Unarmed Combat
 + Level 10.1 Spellcasting
 + Level 8.2 Necromancy
 + Level 0.8 Evocations


You had 14 spell levels left.
You knew the following spells:

 Your Spells              Type           Power      Damage    Failure   Level
a - Necrotise             Necr           100%       1d9       1%          1
b - Animate Dead          Necr           63%        N/A       2%          4
c - Vampiric Draining     Necr           63%        2d10      1%          3
d - Agony                 Necr           63%        N/A       8%          5

Your spell library contained the following spells:

 Spells                   Type           Power      Damage    Failure   Level
 Hailstorm                Conj/Ice       11%        3d5       24%         3
 Summon Ice Beast         Ice/Summ       11%        N/A       61%         4
 Simulacrum               Ice/Necr       21%        N/A       92%         6


Dungeon Overview and Level Annotations

Branches:
Dungeon (6/15)             Temple (0/1) D:5

Altars:
Nemelex Xobeh
Sif Muna
Wu Jian
Yredelemnul

Shops:
D:5 :

Annotations:
D:9 Grum


Innate Abilities, Weirdness & Mutations

You are immune to poison.
Your flesh is cold resistant. (rC+)
You are immune to negative energy. (rN+++)
You are immune to unholy pain and torment.
You are vulnerable to heat. (rF-)
You are in touch with the powers of death.
You do not drink.
You have a special connection with the divine. (Faith)


Message History

You feel a surge of power!
You call upon the dead to rise.
The wolf barely misses you.
An orc warrior comes into view. It is wielding a +0 trident.
Grum hits you from afar with a -1 halberd!
The wolf bites you! The wolf misses you.
Casting: Animate Dead (dangerous; 2% risk of failure)
Confirm with . or Enter, or press ? or * to list all spells.
Aiming: Necrotise (safe; 1% risk of failure)
Press: ? - help, Shift-Dir - straight line, f/p - wolf
Aim: a wolf (heavily wounded, chance to affect: 83%)
You feel a surge of power!
The wolf writhes in agony.
The orc warrior shouts!
The wolf closely misses you.
Grum hits you from afar with a -1 halberd.
The wolf misses you. The wolf bites you.
Casting: Necrotise (safe; 1% risk of failure)
Confirm with . or Enter, or press ? or * to list all spells.
Aiming: Necrotise (safe; 1% risk of failure)
Press: ? - help, Shift-Dir - straight line, f/p - wolf
Aim: a wolf (severely wounded, chance to affect: 83%)
You feel a surge of power!
The wolf writhes in agony!
You kill the wolf!
The Council accepts your kill.
The dead are walking!
The wolf barely misses you. The wolf misses you.
An orc wizard comes into view. It is wielding a +0 dagger.
Grum hits you from afar with a -1 halberd!!
* * * LOW HITPOINT WARNING * * *
Your Spellcasting skill increases to level 10!
Casting: Necrotise (safe; 1% risk of failure)
Confirm with . or Enter, or press ? or * to list all spells.
Aiming: Vampiric Draining (safe; 1% risk of failure)
Press: ? - help, Shift-Dir - straight line, f - wolf
Aim: a wolf You feel a surge of power!
You draw life force from the wolf!
You feel life coursing into your body!
The orc wizard shouts!
The wolf closely misses you. The wolf bites you!
* * * LOW HITPOINT WARNING * * *
The wolf completely misses you. The wolf bites you!
You die...

#........# #........#
###........#
+..........## #+#
#.........#... #. #.#
#.........#...
#..###.###.>.......#..#
#..Z........###(...#..#
#.....@..#..# #Z...+..#
#.....hh..#..# #....#..#
#....o.g..####.###†##..#
#...o..................#
#.......................
#..o..........###+##+#..
#....#######.........#..
#.o.# #.......<'Z.
.......#..


You could see Grum, an orc warrior, 2 wolves, 2 orc wizards, an orc and a
friendly wolf zombie.

Vanquished Creatures
  Pikel (D:4)
  A hornet (D:9)
  Edmund (D:5)
  A sky beast (D:6)
  A black bear (D:5)
  2 wolves (D:9)
  A centaur (D:6)
  A phantom (D:4)
  4 hounds
  2 jellies
  4 orc priests
  Jessica (D:2)
  An iguana (D:6)
  An orc wizard (D:9)
  Natasha (D:4)
  3 adders
  7 gnolls
  A shadow imp (D:5)
  A dart slug (D:2)
  11 orcs
  5 bats
  6 endoplasms
  2 giant cockroaches
  3 goblins
  4 hobgoblins
  7 kobolds
  2 quokkas
  5 ball pythons
  3 frilled lizards
  5 rats
88 creatures vanquished.

Vanquished Creatures (collateral kills)
  An orc (D:6)
  An endoplasm (D:2)
  A hobgoblin (D:2)
  A goblin (D:3)
4 creatures vanquished.

Vanquished Creatures (others)
  5 orc zombies
5 creatures vanquished.

Grand Total: 97 creatures vanquished

Notes
Turn   | Place    | Note
-------+----------+-------------------------------------------
     0 | D:1      | Fanghorn the Mummy Necromancer began the quest for the Orb.
     0 | D:1      | Reached XP level 1. HP: 13/13 MP: 4/4
    30 | D:1      | Found a faded altar of an unknown god.
   163 | D:1      | Prayed at the altar of an unknown god.
   163 | D:1      | Became a worshipper of the Wu Jian Council
   163 | D:1      | Reached * piety under Wu Jian
   293 | D:1      | Reached XP level 2. HP: 19/19 MP: 2/5
   720 | D:2      | Reached skill level 3 in Spellcasting
   852 | D:2      | Reached XP level 3. HP: 24/24 MP: 4/7
   884 | D:2      | Reached ** piety under Wu Jian
   960 | D:2      | Noticed Jessica
   962 | D:2      | Killed Jessica
   963 | D:2      | Reached skill level 5 in Necromancy
  1050 | D:2      | Reached XP level 4. HP: 30/30 MP: 6/9
  1062 | D:2      | Learned a level 4 spell: Animate Dead
  1085 | D:2      | Reached skill level 4 in Spellcasting
  1652 | D:3      | Reached XP level 5. HP: 35/35 MP: 7/11
  2022 | D:3      | Found a shimmering blue altar of Sif Muna.
  2231 | D:3      | Found a basalt altar of Yredelemnul.
  2442 | D:3      | Found a sparkling altar of Nemelex Xobeh.
  2481 | D:4      | Noticed a phantom
  2492 | D:4      | Killed a phantom
  2492 | D:4      | Reached *** piety under Wu Jian
  2493 | D:4      | Reached skill level 5 in Spellcasting
  2663 | D:4      | Reached XP level 6. HP: 41/41 MP: 9/14
  2667 | D:4      | Learned a level 3 spell: Vampiric Draining
  2740 | D:4      | Noticed Natasha
  2949 | D:4      | Killed Natasha
  3118 | D:5      | Entered Level 5 of the Dungeon
  3118 | D:5      | Noticed Pikel
  3119 | D:5      | Noticed Edmund
  3129 | D:4      | Killed Pikel
  3130 | D:4      | Reached skill level 7 in Spellcasting
  3130 | D:4      | Reached XP level 7. HP: 10/46 MP: 3/18
  3225 | D:5      | Found Seloruh's Book Boutique.
  3252 | D:5      | Killed Edmund
  3253 | D:5      | Reached skill level 8 in Spellcasting
  3759 | D:5      | Found a staircase to the Ecumenical Temple.
  3805 | D:5      | Reached XP level 8. HP: 52/53 MP: 15/20
  4067 | D:6      | Reached skill level 1 in Maces & Flails
  4076 | D:6      | Reached skill level 9 in Spellcasting
  4382 | D:6      | Reached skill level 1 in Armour
  4409 | D:6      | You fall into a shaft and drop 3 floors!
  4409 | D:8      | Identified the "Ryruf"
  4525 | D:9      | Noticed a hornet
  4530 | D:9      | Killed a hornet
  4538 | D:9      | Learned a level 5 spell: Agony
  4630 | D:9      | Noticed Grum
  4638 | D:9      | Reached skill level 10 in Spellcasting
  4638 | D:9      | Slain by a wolf

Illustrated notes

Levels and vault maps discovered:
D:1:      shiori_arrival_maze, layout_basic, ebering_ecumenical_altar_petrified
D:2:      layout_basic, uniq_jessica
D:3:      minmay_inner_zag, layout_basic,
          mainiacjoe_overflow_concentric_impassable, yredelemnul_altar_generic,
          nemelex_dance_club_becter
D:4:      layout_basic, grunt_decor_mini_mirrors, nicolae_the_louvre,
          uniq_natasha
D:5:      layout_gridville, mainiacjoe_overflow_paths,
          minmay_temple_entry_glass, serial_shops, nicolae_book_shop_shelving,
          uniq_edmund, uniq_pikel
D:6:      layout_loops_ring, kennysheep_opposing_triangles
D:9:      layout_irregular_city, lemuel_doored_altar, dpeg_oklobed_lair,
          uniq_grum

Skill      XL: |  1  2  3  4  5  6  7  8 |
---------------+-------------------------+-----
Spellcasting   | 3 4 5 7 8 10 | 10.1
Necromancy     | 5 6 7 8 |  8.2
Maces & Flails | 1 |  1.0
Stealth        | 2 |  2.0
Armour         | 1 |  1.3
Dodging        | 2 |  2.1
Fighting       | |  0.4
Unarmed Combat | |  0.1
Evocations     | |  0.8

Action                     |  1- 3 |  4- 6 |  7- 9 || total
---------------------------+-------+-------+-------++-------
  Melee: Unarmed           |       |    15 |       ||    15
         Mace              |       |     1 |       ||     1
         Flail             |       |       |     5 ||     5
   Cast: Necrotise         |    36 |    71 |    91 ||   198
         Animate Dead      |       |     3 |     5 ||     8
         Vampiric Draining |       |     3 |     9 ||    12
Ability: Whirlwind         |       |     5 |     5 ||    10
         Lunge             |       |     4 |       ||     4
  Evoke: Wand              |       |     8 |       ||     8
 Armour: Robe              |     6 |       |       ||     6
         Skin              |       |    20 |     5 ||    25
         Leather armour    |       |       |    33 ||    33
  Dodge: Dodged            |     8 |    21 |    29 ||    58

Table legend: (Time is in decaauts)
 A = Elapsed time spent in this place.
 B = Non-inter-level travel time spent in this place.
 C = Inter-level travel time spent in this place.
 D = Time resting spent in this place.
 E = Time spent auto-exploring this place.
 F = Levels seen in this place.
 G = Mean time per level.
                   A        B        C        D        E       F      G
               +--------+--------+--------+--------+--------+-----+--------+
         Total |   4633 |   4633 |      0 |    230 |   3316 |   7 |  661.9 |
       Dungeon |   4633 |   4633 |      0 |    230 |   3316 |   7 |  661.9 |
               +--------+--------+--------+--------+--------+-----+--------+

Top non-repeatable levels by time:
     D:2: 930 daAuts
     D:3: 860 daAuts
     D:5: 818 daAuts
     D:4: 739 daAuts
     D:1: 688 daAuts
     D:6: 366 daAuts
     D:9: 228 daAuts
